 Dungeon Crawl Stone Soup version 0.30-a0-4-ga7cffc901d (webtiles) character file.

Game seed: 16069951610577469258

60 drugrobin the Sneak (level 3, -5/30 HPs)
             Began as a Demigod Delver on Aug 21, 2022.
             Slain by an orc
             ... wielding a +0 mace
              (6 damage)
             ... on level 3 of the Dungeon.
             The game lasted 00:02:43 (1593 turns).

drugrobin the Sneak (Demigod Delver)                Turns: 1593, Time: 00:02:44

Health: -5/30      AC: 13    Str: 13    XL:     3   Next: 55%
Magic:  5/5        EV:  6    Int: 12    God:
Gold:   119        SH:  0    Dex: 19    Spells: 2/2 levels left

rFire   . . .      SeeInvis .    a - +0 short sword
rCold   . . .      Faith    .    (no shield)
rNeg    . . .      Spirit   .    j - +0 chain mail
rPois   +          Reflect  .    (no helmet)
rElec   .          Harm     .    (no cloak)
rCorr   .          Rampage  .    m - +0 pair of gloves
Will    .....                    (no boots)
Stlth   ..........               o - amulet of the acrobat
HPRegen 0.10/turn                h - +4 ring of protection
MPRegen 0.09/turn                i - ring of poison resistance

@: no status effects
A: high MP 1, forlorn, divine attributes
a: no special abilities


You were on level 3 of the Dungeon.
You visited 1 branch of the dungeon, and saw 5 of its levels.

You collected 119 gold pieces.

Inventory:

Hand Weapons
 a - a +0 short sword (weapon)
Armour
 b - a +0 leather armour
 j - a +0 chain mail (worn)
 m - a +0 pair of gloves (worn)
 r - a +0 robe
Jewellery
 h - a +4 ring of protection (left hand)
 i - a ring of poison resistance (right hand)
 o - an amulet of the acrobat (around neck)
Wands
 g - a wand of digging (3)
Scrolls
 c - a scroll of fog
 d - 2 scrolls of magic mapping
 e - a scroll of fear
 k - a scroll of amnesia {unknown}
 l - 5 scrolls of identify {unknown}
 q - a scroll of noise {unknown}
 t - a scroll of immolation {unknown}
Potions
 f - 3 potions of haste
 n - 2 potions of curing {unknown}
 p - 2 potions of attraction {unknown}
 s - a potion of mutation {unknown}


   Skills:
 - Level 2.6 Fighting
 + Level 3.8 Short Blades
 - Level 1.7 Dodging
 - Level 4.5 Stealth


You had 2 spell levels left.
You didn't know any spells.
Your spell library was empty.

Dungeon Overview and Level Annotations

Branches:
Dungeon (5/15)
 Temple: D:4-7


Innate Abilities, Weirdness & Mutations

You have an increased reservoir of magic. (+10% MP)
You shall have no god before yourself.
Your divine heritage dramatically boosts your attributes as you level up.


Message History

The orc barely misses you.
You hit the orc.
The orc is heavily wounded.
The orc hits you but does no damage. The orc hits you with a +0 mace.
The orc hits you but does no damage. The orc completely misses you.
Unknown command.
You barely miss the orc.
The orc is heavily wounded.
You hit the orc.
You kill the orc!
The orc barely misses you. The orc closely misses you.
You hit the orc but do no damage. The orc hits you with a +0 mace.
The orc hits you but does no damage. The orc barely misses you. x2
You closely miss the orc. The orc hits you with a +0 mace.
The orc hits you but does no damage. x3
You hit the orc.
The orc is heavily wounded.
The orc hits you but does no damage. x4
You hit the orc.
You kill the orc!
The orc hits you but does no damage. The orc hits you with a +0 mace.
The orc completely misses you.
You closely miss the orc. The orc hits you but does no damage.
The orc closely misses you. The orc hits you with a +0 mace.
You closely miss the orc. The orc hits you but does no damage.
The orc hits you with a +0 mace.
* * * LOW HITPOINT WARNING * * *
The orc hits you with a +0 club.
* * * LOW HITPOINT WARNING * * *
You hit the orc but do no damage. The orc hits you with a +0 hand axe.
* * * LOW HITPOINT WARNING * * *
The orc hits you with a +0 club.
* * * LOW HITPOINT WARNING * * *
The orc closely misses you.
Unknown command.
Unknown command.
You hit the orc.
The orc is lightly wounded.
The orc hits you but does no damage. x2; The orc hits you with a +0 mace.
You die...

.........######............
..........####.............
...........................
........#.##.............[.
.....................:.....
........###...............#
.....#... #.#...........###
....##. #.##.oo)...... ##.
## ..##..@o...... #
#..##....<.....
...##..........
................
.#...#..........
....$...#..##..
###.#....... . #..........


You could see 3 orcs.

Vanquished Creatures
  2 adders (D:2)
  3 dart slugs (D:2)
  2 orcs (D:3)
  2 bats
  An endoplasm (D:1)
  3 goblins
  A hobgoblin (D:1)
  2 jackals (D:1)
  3 quokkas (D:2)
  7 ball pythons
  4 kobolds
  3 rats (D:2)
33 creatures vanquished.

Notes
Turn   | Place    | Note
-------+----------+-------------------------------------------
     0 | D:5      | drugrobin the Demigod Delver began the quest for the Orb.
     0 | D:5      | Reached XP level 1. HP: 18/18 MP: 3/3
     5 | D:5      | Noticed an iguana
    43 | D:4      | Noticed a black bear
    43 | D:4      | Noticed a black bear
   448 | D:1      | Reached XP level 2. HP: 25/25 MP: 4/4
  1282 | D:2      | Reached XP level 3. HP: 30/30 MP: 5/5
  1592 | D:3      | HP: 1/30 [orc/+0 club (3)]
  1593 | D:3      | Slain by an orc

Illustrated notes

Levels and vault maps discovered:
D:1:      kennysheep_arrival_seaside, layout_basic,
          shapermc_ecumenical_altar_mp_urbaneastern
D:2:      layout_basic
D:3:      layout_rooms, lemuel_crystal_altar
D:4:      layout_rooms, kennysheep_mini, trog_ov_bears_minmay, uniq_grinder,
          uniq_sigmund
D:5:      layout_basic, uniq_pikel

Skill      XL: |  1  2 |
---------------+-------+-----
Short Blades   | 2 3 |  3.8
Fighting       | |  2.6
Dodging        | |  1.7
Stealth        | |  4.5

Action                   || total
-------------------------++-------
Melee: Short sword       ||   139
       Punch             ||     3
 Stab: Sleeping          ||     1
Armor: Chain mail        ||    97
Dodge: Dodged            ||    52

Table legend: (Time is in decaauts)
 A = Elapsed time spent in this place.
 B = Non-inter-level travel time spent in this place.
 C = Inter-level travel time spent in this place.
 D = Time resting spent in this place.
 E = Time spent auto-exploring this place.
 F = Levels seen in this place.
 G = Mean time per level.
                   A        B        C        D        E       F      G
               +--------+--------+--------+--------+--------+-----+--------+
         Total |   1585 |   1487 |     98 |      0 |   1087 |   5 |  317.0 |
       Dungeon |   1585 |   1487 |     98 |      0 |   1087 |   5 |  317.0 |
               +--------+--------+--------+--------+--------+-----+--------+

Top non-repeatable levels by time:
     D:1: 855 daAuts
     D:2: 626 daAuts
     D:3: 49 daAuts
     D:5: 35 daAuts
     D:4: 18 daAuts
